Cogmind - Beta 13 @@@ ROGUE MODE // 2024.04.01 @ 22:19:30 Player: fippe Result: Destroyed by Y-45 Defender with Beam Rifle Performance ------------- Evolutions (1) 500 Regions Visited (2) 400 Robots Destroyed (20) 100 Value Destroyed (579) 579 Prototype IDs (1) 20 Alien Tech Used (0) 0 Bonus (0) 0 TOTAL SCORE: 1599 Bonus ------- None Cogmind --------- Core Integrity 0/400 Matter 300/300 Energy 100/100 System Corruption 0% Temperature Cool (9) Movement Core (50) Location -9/Materials Parts ------- > --- POWER (1) -------- (None) > --- PROPULSION (2) --- (None) > --- UTILITY (4) ------ Signal Interpreter > --- WEAPON (2) ------- (None) > --- INVENTORY (5) ---- Light Ion Engine Improved Light Cannon Peak State ------------ > --- POWER ------------ Heavy Ion Engine > --- PROPULSION ------- Compact Wheel > --- UTILITY ---------- Sensor Array Signal Interpreter Hardened Light Armor Plating > --- WEAPON ----------- Beam Cannon Light Assault Rifle > --- INVENTORY -------- Medium Laser [Rating: 10] Favorites ----------- Power Light Ion Engine Engine Light Ion Engine Propulsion Compact Wheel Treads Light Treads Leg Aluminum Leg Wheel Compact Wheel Flight Unit VTOL Module Utility Signal Interpreter Device Sensor Array Processor Signal Interpreter Protection Hardened Light Armor Plating Weapon Light Assault Rifle Energy Gun Medium Laser Energy Cannon Beam Cannon Ballistic Gun Light Assault Rifle Ballistic Cannon Improved Light Cannon Build | -11 -10 -9 ------- Run | Yrd Mat Mat Slots Evolved 2 | . . 2 Power . | . . . Propulsion . | . . . Utility 2 | . . 2 Weapon . | . . . Parts Attached 29 | 5 11 13 Power 7 | 1 2 4 Engine 7 | 1 2 4 Core . | . . . Reactor . | . . . Propulsion 6 | 2 . 4 Treads 1 | . . 1 Leg 2 | . . 2 Wheel 2 | 2 . . Hover . | . . . Flight 1 | . . 1 Utility 8 | . 6 2 Device 3 | . 2 1 Storage . | . . . Processor 1 | . 1 . Hackware . | . . . Protection 4 | . 3 1 Artifact . | . . . Weapon 8 | 2 3 3 Energy Gun 3 | 1 . 2 Energy Cannon 1 | . 1 . Ballistic Gun 3 | 1 2 . Ballistic Cannon 1 | . . 1 Launcher . | . . . Special Weapon . | . . . Impact Weapon . | . . . Slashing Weapon . | . . . Piercing Weapon . | . . . Special Melee Weapon . | . . . Unidentified Prototypes 1 | . . 1 Parts Lost 16 | . 2 14 Power 2 | . . 2 Propulsion 6 | . 1 5 Utility 4 | . 1 3 Weapon 4 | . . 4 Highest Loss Streak 6 | . 1 6 To Critical Strikes . | . . . Average Slot Usage (%) 76 | . 84 72 Engine 10 | . 14 9 Treads 1 | . . 2 Leg 2 | . . 3 Wheel 11 | . 24 6 Flight 1 | . . 1 Device 7 | . 3 9 Processor 10 | . 8 11 Protection 7 | . 5 8 Energy Gun 6 | . 4 6 Energy Cannon 6 | . 7 5 Ballistic Gun 10 | . 15 7 Naked Turns . | . . . Heaviest Build 15 | 7 12 15 Greatest Support 26 | 26 26 20 Greatest Overweight (x) 2 | . . 2 Average Overweight (x) . | . . . Largest Inventory Capacity 5 | 5 5 5 Average Capacity 5 | 5 5 5 Most Carried 5 | 2 5 2 Average Carried 1 | . 3 . Final Capacity 5 | 5 5 5 Final Carried 2 | 2 2 2 Class Distribution -------------------- 60% | Scavenger-Mutant 39% | Mutant Dominant Class ---------------- Mutant | -10/Materials Scavenger-Mutant | -9/Materials Resources | -11 -10 -9 ----------- Run | Yrd Mat Mat Matter Collected 587 | 248 177 162 Remotely . | . . . Salvage Created 654 | . 271 383 Parts 37 | . 14 23 Haulers Intercepted . | . . . Recyclers Shooed . | . . . Parts Field Recycled . | . . . Retrieved Matter . | . . . Parts Self-Destructed . | . . . Prevented . | . . . Kills | -11 -10 -9 ------- Run | Yrd Mat Mat Combat Hostiles Destroyed 18 | . 6 12 Guns 16 | . 4 12 AOE 2 | . 2 . Classes Destroyed 5 | . 4 1 Recycler 1 | . 1 . Watcher 1 | . 1 . Swarmer 5 | . 1 4 Grunt 11 | . 5 6 Sentry 2 | . . 2 Best Kill Streak 6 | . 3 6 Combat Bots Only 6 | . 2 6 Max Kills in Single Turn 2 | . 2 1 Gunslinging . | . . . Exploded 2 | . 2 . Melee . | . . . Uniques/NPCs Destroyed . | . . . Combat | -11 -10 -9 -------- Run | Yrd Mat Mat Hostile Shots Fired 219 | . 64 155 Missed 59 | . 20 39 Damage Taken 2009 | . 558 1451 Core 482 | . 79 403 Absorbed by Shields . | . . . Core Remaining (%) 84 | 100 68 . Volleys Fired 108 | . 44 64 Largest 2 | . 2 2 Hottest 106 | . 80 106 Shots Fired 189 | . 69 120 Gun 163 | . 63 100 Cannon 26 | . 6 20 Launcher . | . . . Special . | . . . Kinetic 97 | . 46 51 Thermal 92 | . 23 69 Explosive . | . . . Electromagnetic . | . . . Robot Hit Streak 15 | . 15 12 Robot Miss Streak 5 | . 5 3 Penetration Max . | . . . Secondary Targets 1 | . . 1 Max Gunslinging Chain 1 | . . 1 Shots Hit Robots 112 | . 38 74 Core Hits 32 | . 11 21 Critical Kills . | . . . Critical Parts Destroyed . | . . . Critical Strikes 4 | . . 4 Burn 4 | . . 4 Melee Attacks . | . . . Impact . | . . . Slashing . | . . . Piercing . | . . . Sneak Attacks . | . . . Combat Hostiles . | . . . Follow-up Attacks . | . . . Damage Inflicted 1659 | . 735 924 Guns 1146 | . 419 727 Cannons 215 | . 18 197 Explosions 298 | . 298 . Melee . | . . . Ramming . | . . . Kinetic 568 | . 281 287 Thermal 1091 | . 454 637 Explosive . | . . . Electromagnetic . | . . . Impact . | . . . Slashing . | . . . Piercing . | . . . Highest Corruption . | . . . Average Corruption . | . . . Corruption Purged . | . . . Corruption Blocked . | . . . Overload Shots . | . . . Overflow Damage 48 | . 48 . Projectiles . | . . . Explosions 48 | . 48 . Melee . | . . . Knockbacks . | . . . Impact . | . . . Kinetic . | . . . Secondary . | . . . Self-Inflicted Damage 61 | . 61 . Shots 1 | . 1 . Rammed . | . . . Targets Rammed . | . . . Kicked . | . . . Crushed . | . . . Highest Temperature 369 | . 256 369 Average Temperature 109 | . 117 105 Received Heat Transfer 915 | . 264 651 Effects 3 | . . 3 Energy Bleed 1 | . . 1 Interference 2 | . . 2 Siege Activations . | . . . Robots Corrupted . | . . . Combat Hostiles . | . . . Parts Fried . | . . . Impact Corruptions . | . . . Robots Melted . | . . . Combat Hostiles . | . . . Parts Melted 3 | . . 3 Heat Transferred 2592 | . 594 1998 Parts Sabotaged . | . . . Parts Stolen . | . . . Parts Stripped . | . . . Power Chain Reactions . | . . . Alert | -11 -10 -9 ------- Run | Yrd Mat Mat Peak Influence 220 | . 220 177 Initial 92 | . . 92 Average 107 | . 105 115 Maximum Alert Level 1 | . 1 . Low Security (%) 93 | 100 76 100 Level 1 6 | . 23 . Level 2 . | . . . Level 3 . | . . . Level 4 . | . . . Level 5 . | . . . High Security . | . . . Max Security . | . . . Squads Dispatched 4 | . 2 2 Investigation 3 | . 2 1 Extermination . | . . . Reinforcement 1 | . . 1 Assault . | . . . Garrison . | . . . Intercept . | . . . Searches Triggered . | . . . Construction Impeded . | . . . Haulers Reinforced . | . . . Active Scanning Responses . | . . . Cargo Convoy Interrupts . | . . . Stealth | -11 -10 -9 --------- Run | Yrd Mat Mat Distress Signals 2 | . 1 1 Communications Jammed . | . . . Distress Signals . | . . . Times Spotted 28 | . 9 19 Peak Tracking Total 6 | . 4 6 Tactical Retreats 2 | . 1 1 Traps | -11 -10 -9 ------- Run | Yrd Mat Mat Traps Triggered 3 | . 2 1 Indirectly . | . . . Trap Hack Attempts . | . . . Triggered . | . . . Disarmed . | . . . Reprogrammed . | . . . Reused . | . . . Traps Extracted . | . . . Installed . | . . . Triggered . | . . . Machines | -11 -10 -9 ---------- Run | Yrd Mat Mat Machines Disabled 3 | . 2 1 Max in Single Turn 2 | . 2 1 Machines Repaired . | . . . Machines Dismantled . | . . . Machines Sabotaged . | . . . Overloaded Fab Kills . | . . . Hacking | -11 -10 -9 --------- Run | Yrd Mat Mat Machines Accessed 4 | . 2 2 Terminals 2 | . 1 1 Fabricators . | . . . Repair Stations . | . . . Recycling Units 2 | . 1 1 Scanalyzers . | . . . Garrison Access . | . . . Total Hacks 6 | . 3 3 Successful 3 | . 2 1 Failed 3 | . 1 2 Catastrophic 1 | . . 1 Database Lockouts . | . . . Manual 1 | . . 1 Terminals 3 | . 2 1 Fabricators . | . . . Repair Stations . | . . . Recycling Units 3 | . 1 2 Scanalyzers . | . . . Garrison Access . | . . . Terminal Hacks 1 | . 1 . Robot Analysis 1 | . 1 . Fabricator Hacks . | . . . Repair Station Hacks . | . . . Recycling Unit Hacks 2 | . 1 1 Report Inventory 2 | . 1 1 Scanalyzer . | . . . Garrison Access Hacks . | . . . Unauthorized Hacks . | . . . Terminals . | . . . Fabricators . | . . . Repair Stations . | . . . Recycling Units . | . . . Scanalyzers . | . . . Garrison Access . | . . . Data Cores Recovered . | . . . Used . | . . . Hacking Detections 4 | . 2 2 Full Trace Events . | . . . Feedback Events . | . . . Feedback Blocked . | . . . Robot Schematics Acquired . | . . . Robots Built . | . . . Authchips . | . . . Time . | . . . Total Robot Build Rating . | . . . Part Schematics Acquired . | . . . Parts Built . | . . . Authchips . | . . . Time . | . . . Total Part Build Rating . | . . . Parts Repaired . | . . . Time . | . . . Parts Recycled . | . . . Recycled Matter . | . . . Retrieved Matter . | . . . Retrieved Components . | . . . Parts Scanalyzed . | . . . Part Schematics Acquired . | . . . Parts Damaged . | . . . Bothacking | -11 -10 -9 ------------ Run | Yrd Mat Mat Used RIF Installer . | . . . Robots Hacked . | . . . Non-combat . | . . . Combat . | . . . Robot Hacks Applied . | . . . Relay Couplers Released . | . . . Fabnet Peak Effective % . | . . . Robots Rewired . | . . . Allies Hacked . | . . . Hacks Repelled . | . . . Allies | -11 -10 -9 -------- Run | Yrd Mat Mat Total Allies . | . . . Largest Group . | . . . Highest-Rated Group . | . . . Highest-Rated Ally . | . . . Total Orders . | . . . Ally Attacks . | . . . Total Damage . | . . . Kills . | . . . Allies Corrupted . | . . . Allies Melted . | . . . Intel | -11 -10 -9 ------- Run | Yrd Mat Mat Robot Analysis Total 1 | . 1 . Derelict Logs Recovered . | . . . Drone Launches . | . . . Drone Recoveries . | . . . Exploration | -11 -10 -9 ------------- Run | Yrd Mat Mat Turns Passed 990 | 44 290 656 Spaces Moved 579 | 38 171 370 Core 57 | 2 . 55 Treads 18 | . . 18 Legs 55 | . . 55 Wheels 449 | 36 171 242 Hover . | . . . Flight . | . . . Fastest Speed 50 | 50 90 50 Average Speed 95 | 88 91 98 Slowest Speed 160 | 100 100 160 Overloaded Moves . | . . . Propulsion Burnouts . | . . . Robots Hopped . | . . . Cave-ins Triggered . | . . . Exploration Rate (%) 22 | 3 33 30 Regions Visited 2 Branch Regions . Pre-discovered Areas . | . . . Known Exits Taken 1 | . 1 . Unknown Exits Taken 1 | 1 . . Scrap Searched . | . . . Spaces Dug . | . . . Terrain Destroyed 30 | . 29 1 Melee . | . . . Projectile 1 | . . 1 AOE 29 | . 29 . Terrain Rammed . | . . . Walls Destroyed . | . . . Machines Disabled . | . . . Actions | -11 -10 -9 --------- Run | Yrd Mat Mat Total 832 | 46 240 546 Wait 95 | . 5 90 Move 577 | 37 170 370 Hop . | . . . Pick Up 13 | 4 5 4 Fast Attach 14 | 3 2 9 Attach 10 | 2 5 3 Detach 1 | . 1 . Swap 5 | . 4 1 Drop 9 | . 4 5 Fire 108 | . 44 64 Melee . | . . . Ram . | . . . Kick . | . . . Crush . | . . . Escape Stasis . | . . . Rewire . | . . . Trap . | . . . Miscellaneous . | . . . Route ------- -11/Scrapyard -10/Materials -9/Materials History --------- Turn | Location | Event 24 | -11/Scrapyard | Discovered new exit (range 16) 45 | -11/Scrapyard | Entered Materials 199 | -10/Materials | Discovered new exit (range 16) 226 | -10/Materials | Identified exit to Materials 306 | -10/Materials | Build established: Mutant 335 | -10/Materials | Entered another Materials area 335 | -9/Materials | Evolved 2 slots: Utility x2 643 | -9/Materials | Build established: Scavenger-Mutant 862 | -9/Materials | Lost 6 parts (1p2n2u1w) 928 | -9/Materials | Core integrity fell below 50% 957 | -9/Materials | Core integrity fell below 20% 991 | -9/Materials | Lost 6 parts (1p2n1u2w) 991 | -9/Materials | Destroyed by Y-45 Defender with Beam Rifle Last Messages --------------- (Burn). 00947_ Critical hit (Burn: +37). 00948_ Overheating: Energy bleed (-40). 00948_ Heat Sink melted. 00948_ Y-45 Defender destroyed. 00950_ K-01 Serf collects debris. 00957_ Ion Engine destroyed. 00957_ K-01 Serf destroyed. 00958_ K-01 Serf collects debris. 00960_ Beam Rifle destroyed. 00960_ Acquired Imp. Light Cannon. 00961_ K-01 Serf collects debris. 00961_ Dropped Imp. Light Cannon. 00962_ Acquired 26 matter. 00963_ U-05 Engineer builds a Wall. 00963_ K-01 Serf collects debris. 00965_ R-06 Scavenger collects Imp. Light Cannon. 00965_ K-01 Serf collects debris. 00975_ K-01 Serf destroyed. Map ----- +----------------------------------------------------+ | ??????????????????????????????????????? | | ??????????????????????????????????????? | | ??????????????????????????????????????? | | ??????????????????????????????????????? | | ??????????????????????????????????????? | | ??????????????????????????????????????? | | ??????????????????????????????????????? | | ??????????????????????????????????????? | | ??????????????????????????????????????? | | ??????????????????????????????????????? | | ??????????????????????? ????????????? | | ??????????????????????# ????????????? | | ??????????????????????# ????????????? | | ??????????????????????# ????????????? | | ??????????????????????# ????????????? | | ??????????????????????# ????????????? | | ??????????????????????# ????????????? | | ??????????????????????# #???????????? | | ??????????????????????# #???????????? | | ??????????????????????+ #???????????? | | ??????????????????????# #???????????? | | ??????????????????????# #???????????? | | ?????????????????????## ##??????????? | | ?????????????????????# #??????????? | | ???????????????"""" # ######?????? | | ???????????????"""" + @ #?????? | | ???????????????"""" # #### #?????? | | ?????????????????????# !#??# #?????? | | ?????????????????????#####Y#??# #?????? | | ????????????????????????#=#??# #?????? | | ???????????????????????# #??# #?????? | | ???????????????????????# #??# #?????? | | ???????????????????????# #??# #?????? | | ???????????????????????# #??# #?????? | | #??? ??????####?????????# #??# #?????? | | #??#+#?######%####??????# #??# #?????? | | #??# #?# *%[ #??????# #?##+######? | | #### ### !%= #????### ### # | | # = #????# # """ # | | # = ###### T" # """ # | | / / " + """ # | | # ""T"" ###### # # | | = # % """"" #????# # """ # | | # #????## ## """ # | | ###########?????# ## """ # | | """"" #???????????????# ## # | | """"" #???????????????# ########### | | """"" #???????????????# # # | | #???????????????# # ? | | ################# # """ ? | +----------------------------------------------------+ Best States ------------- Heat Dissipation 28 Energy Generation 10 Energy Capacity 250 Matter Stores 300 Matter Capacity 300 Sight Range 16 Robot Scan Range 14 Terrain Scan Density 10 Armor Coverage 300 Evasion (%) 55 Recoil Reduction 1 Item Schematics ----------------- None Robot Schematics ------------------ None Fabricated ------------ Nothing Alien Tech Used ----------------- None Achievements -------------- None Challenges ------------ None Game ------ Seed ChainImpactNukerbomber Manual? 0 Play Time 00:19:16 Cumulative 8.2 hours Start 2024.04.01 @ 21:54:53 End 2024.04.01 @ 22:19:30 Sessions 1 Manual Loads 0 Difficulty Rogue Special Mode None Game No. 10 Rogue 10 Adventurer 0 Explorer 0 Win Type - Total 0 Types 0/0/0/0/0/0/0/0/0 Lore% 15 Gallery% 16 Achievement% 15 Wizard Run 0 Options --------- Layout 1 ASCII 0 Keyboard 0 Movement Mouse Keybinds 0 Fullscreen 1 Font 24/Smallcaps Map View 50x35 Zoom Use 0% Tactical HUD 1 Map Filters NONE Filters NONE Steam 1 RUN: 9869778b-0a9c-4aab-86dd-d27d32ea0d60